 Dungeon Crawl Stone Soup version 0.30-a0-691-g754fce4c43 (webtiles) character file.

Game seed: 10772262990723638271

762 Crownlay the Reanimator (level 7, 0/46 HPs)
             Began as a Demonspawn Necromancer on Jan 19, 2023.
             Slain by a hornet (12 damage)
             ... on level 5 of the Dungeon.
             The game lasted 00:13:05 (3718 turns).

Crownlay the Reanimator (Demonspawn Necromancer)    Turns: 3718, Time: 00:13:06

Health: 0/46       AC:  4    Str:  9    XL:     7   Next: 51%
Magic:  0/13       EV: 12    Int: 24    God:
Gold:   253        SH:  0    Dex: 18    Spells: 9/14 levels left

rFire   . . .      SeeInvis .    v - +0 spear (venom)
rCold   + . .      Faith    .    (no shield)
rNeg    . . .      Spirit   +    r - +2 robe {rC+}
rPois   .          Reflect  .    (no helmet)
rElec   .          Harm     .    (cloak unavailable)
rCorr   +          Rampage  .    (no gloves)
Will    .....                    (no boots)
Stlth   ++++                     e - amulet of Polytheism {Spirit Dex+3 Stlth+}
HPRegen 0.27/turn                h - ring of resist corrosion
MPRegen 0.13/turn                l - +6 ring of intelligence

@: slowed, very slow
A: thin skeletal structure 1, demonic guardian 1, weakness stinger 3
a: no special abilities


You were on level 5 of the Dungeon.
You visited 1 branch of the dungeon, and saw 5 of its levels.

You collected 253 gold pieces.

Inventory:

Hand Weapons
 v - a +0 spear of venom (weapon)
Armour
 r - a +2 robe of cold resistance (worn)
Magical Staves
 n - a staff of conjuration
Jewellery
 e - the amulet of Polytheism (around neck) {Spirit Dex+3 Stlth+}
   (You found it on level 3 of the Dungeon)

   [amulet of guardian spirit]

   It causes incoming damage to be divided between your reserves of health and
   magic.
   Dex:       It affects your dexterity (+3).
   Stlth:     It makes you more stealthy.
 h - a ring of resist corrosion (left hand)
 l - a +6 ring of intelligence (right hand)
Scrolls
 a - a scroll of enchant armour {unknown}
 c - 2 scrolls of enchant weapon
 g - a scroll of identify
 i - a scroll of noise {unknown}
 j - a scroll of fear {unknown}
 p - a scroll of torment {unknown}
 q - 2 scrolls of amnesia
 s - a scroll of poison {unknown}
Potions
 b - 2 potions of magic
 d - a potion of cancellation {unknown}
 f - a potion of haste {unknown}
 k - a potion of attraction {unknown}
 m - 2 potions of mutation {unknown}
 o - 2 potions of berserk rage
 t - a potion of curing
 u - a potion of lignification {unknown}


   Skills:
 - Level 1.7 Dodging
 - Level 1.7 Stealth
 + Level 4.4 Spellcasting
 * Level 9.0 Necromancy


You had 9 spell levels left.
You knew the following spells:

 Your Spells              Type           Power      Damage    Failure   Level
a - Necrotise             Necr           100%       1d9       1%          1
b - Animate Dead          Necr           48%        N/A       2%          4

Your spell library contained the following spells:

 Spells                   Type           Power      Damage    Failure   Level
 Vampiric Draining        Necr           48%        2d9       1%          3
 Agony                    Necr           48%        N/A       6%          5
 Shock                    Conj/Air       20%        1d4       10%         1
 Lesser Beckoning         Tloc           10%        N/A       14%         2
 Static Discharge         Conj/Air       10%        2-3/arc   14%         2
 Dazzling Flash           Conj/Hex       10%        N/A       28%         3
 Gell's Gravitas          Tloc           5%         N/A       28%         3
 Swiftness                Air            5%         N/A       28%         3
 Teleport Other           Tloc           5%         N/A       28%         3
 Vhi's Electric Charge    Tloc/Air       10%        N/A       28%         3
 Airstrike                Air            2%         2d(1-17)  67%         4
 Arcjolt                  Conj/Air       2%         1d12      95%         5
 Lightning Bolt           Conj/Air       2%         1d14      95%         5
 Silence                  Hex/Air        2%         N/A       95%         5


Dungeon Overview and Level Annotations

Branches:
Dungeon (5/15)
 Temple: D:4-7

Altars:
Trog
Yredelemnul


Innate Abilities, Weirdness & Mutations

You have a somewhat thin skeletal structure. (Dex +2, Stealth+)
A weak demonic guardian rushes to your aid.
You have a sharp stinger which inflicts weakening toxins.


Message History

Casting: Necrotise (safe; 1% risk of failure)
Confirm with . or Enter, or press ? or * to list all spells.
Okay, then.
Reach: v) +0 spear (venom)
Press: ? - help, Dir - move target, f/p - hornet
Aim: a hornet (lightly wounded, ally target, about 50% to evade your +0 spear of venom)
You barely miss the hornet.
The hornet is lightly wounded.
The hornet stings you!
You feel yourself slow down.
Your jelly zombie barely misses the hornet.
The hornet closely misses you.
Your howler monkey zombie closely misses the hornet.
You closely miss the hornet.
The hornet is lightly wounded.
You feel yourself speed up. The hornet stings you.
You are poisoned.
You feel yourself slow down.
Your jelly zombie hits the hornet but does no damage.
The hornet barely misses you.
Your howler monkey zombie misses the hornet.
You hit the hornet.
Your tail-slap misses the hornet.
The hornet is lightly wounded.
You feel very sick. The hornet stings you.
You feel as though you will be slow longer.
Your howler monkey zombie hits the hornet.
The hornet stings you.
* * * LOW HITPOINT WARNING * * *
You are lethally poisoned!
You feel as though you will be slow longer.
Your jelly zombie misses the hornet.
Your howler monkey zombie closely misses the hornet.
The hornet stings you!
* * * LOW HITPOINT WARNING * * *
A demonic guardian appears!
You feel as though you will be slow longer.
Your jelly zombie hits the hornet but does no damage.
It was a potion of curing.
You feel better. The hornet stings you!
You die...

#...#. +.... #...#
#...# #...# #...#
##### . #...###...##
... #...##.@...##
.....#...#..y.5..#####
$....'.).'.ZZ....#...#
.....#...#.......###.#
....##...##.)..[## #.#
...# #....##...## #.#
### ####.###### #.#
#.# ##.# #.#
#####..###


You could see a hornet (ally target), a friendly ufetubus (summoned), a friendly
jelly zombie and a friendly howler monkey zombie.

Vanquished Creatures
  Sigmund (D:3)
  2 ogres
  2 scorpions (D:4)
  A howler monkey (D:5)
  A hound (D:5)
  Jessica (D:2)
  An iguana (D:4)
  6 adders
  3 gnolls (D:4)
  2 dart slugs
  9 orcs
  A ball python (D:2)
  4 bats
  4 endoplasms
  3 giant cockroaches
  6 hobgoblins
  5 kobolds
  A quokka (D:1)
  2 frilled lizards
  3 goblins (D:2)
  2 rats
60 creatures vanquished.

Vanquished Creatures (collateral kills)
  A jelly (D:5)
  A worm (D:5)
  A frilled lizard (D:1)
3 creatures vanquished.

Vanquished Creatures (others)
  An ogre zombie (D:5)
  A dart slug zombie (D:5)
2 creatures vanquished.

Grand Total: 65 creatures vanquished

Notes
Turn   | Place    | Note
-------+----------+-------------------------------------------
     0 | D:1      | Crownlay the Demonspawn Necromancer began the quest for the
                  | Orb.
     0 | D:1      | Reached XP level 1. HP: 13/13 MP: 3/3
   211 | D:1      | Gained mutation: You have a small tail. [demonic ancestry]
   211 | D:1      | Reached XP level 2. HP: 15/19 MP: 3/5
   475 | D:1      | Reached skill level 5 in Necromancy
   897 | D:2      | Gained mutation: You have a tail ending in a sharp stinger.
                  | [demonic ancestry]
   897 | D:2      | Reached XP level 3. HP: 19/24 MP: 0/6
  1018 | D:2      | Noticed Jessica
  1020 | D:2      | Killed Jessica
  1021 | D:2      | Reached skill level 6 in Necromancy
  1032 | D:2      | Reached XP level 4. HP: 30/30 MP: 1/7
  1321 | D:2      | Found a bloodstained altar of Trog.
  1603 | D:3      | Noticed Sigmund
  1711 | D:3      | Noticed an ogre
  1746 | D:3      | Killed an ogre
  1747 | D:3      | Reached skill level 7 in Necromancy
  1747 | D:3      | Gained mutation: You have a somewhat thin skeletal
                  | structure. (Dex +2, Stealth+) [demonic ancestry]
  1747 | D:3      | Reached XP level 5. HP: 7/35 MP: 1/9
  1771 | D:3      | Killed Sigmund
  1772 | D:3      | Gained mutation: You have a sharp stinger which inflicts
                  | weakening toxins. [demonic ancestry]
  1772 | D:3      | Reached XP level 6. HP: 36/41 MP: 0/11
  2056 | D:3      | Identified the amulet of Polytheism {Spirit Dex+3 Stlth+}
  2759 | D:4      | Reached skill level 8 in Necromancy
  2920 | D:4      | Gained mutation: A weak demonic guardian rushes to your
                  | aid. [demonic ancestry]
  2920 | D:4      | Reached XP level 7. HP: 41/46 MP: 3/12
  3475 | D:4      | Learned a level 4 spell: Animate Dead
  3496 | D:5      | Entered Level 5 of the Dungeon
  3612 | D:5      | Found a basalt altar of Yredelemnul.
  3658 | D:5      | Reached skill level 9 in Necromancy
  3709 | D:5      | Noticed a hornet
  3718 | D:5      | Slain by a hornet

Illustrated notes

Levels and vault maps discovered:
D:1:      lightli_arrival_flooded_house, layout_basic
D:2:      layout_loops_ring, basic_altar, uniq_jessica
D:3:      layout_rooms, mainiacjoe_overflow_cross_hatched, kennysheep_path_1,
          uniq_sigmund
D:4:      layout_loops_ring, hangedman_decor_opposing
D:5:      kennysheep_six_static_rooms, layout_loops_corners,
          kennysheep_mini_moat, minmay_temple_entry_mist, grunt_decor_clamped

Skill      XL: |  1  2  3  4  5  6  7 |
---------------+----------------------+-----
Necromancy     | 5 6 7 8 9 |  9.0
Spellcasting   | 3 4 |  4.4
Dodging        | |  1.7
Stealth        | |  1.7

Action                   |  1- 3 |  4- 6 |  7- 9 || total
-------------------------+-------+-------+-------++-------
Melee: Dagger            |     5 |    20 |       ||    25
       Tailslap          |     1 |     5 |     2 ||     8
       Spear             |       |       |    16 ||    16
 Cast: Necrotise         |    39 |    72 |    25 ||   136
       Animate Dead      |       |       |     1 ||     1
  Use: Potion            |       |     3 |     1 ||     4
       Scroll            |       |     2 |     1 ||     3
Armor: Robe              |     4 |     5 |     6 ||    15
Dodge: Dodged            |    18 |    42 |    10 ||    70

Table legend: (Time is in decaauts)
 A = Elapsed time spent in this place.
 B = Non-inter-level travel time spent in this place.
 C = Inter-level travel time spent in this place.
 D = Time resting spent in this place.
 E = Time spent auto-exploring this place.
 F = Levels seen in this place.
 G = Mean time per level.
                   A        B        C        D        E       F      G
               +--------+--------+--------+--------+--------+-----+--------+
         Total |   3718 |   3560 |    158 |      0 |   2964 |   5 |  743.6 |
       Dungeon |   3718 |   3560 |    158 |      0 |   2964 |   5 |  743.6 |
               +--------+--------+--------+--------+--------+-----+--------+

Top non-repeatable levels by time:
     D:4: 998 daAuts
     D:2: 996 daAuts
     D:3: 840 daAuts
     D:1: 659 daAuts
     D:5: 224 daAuts
